 Dungeon Crawl Stone Soup version 0.27-a0-604-g29a88b33a7 (webtiles) character file.

Game seed: 3179503693430474088

14 sahdkjhfkaj the Digger (level 2, -7/20 HPs)
             Began as a Demigod Earth Elementalist on Mar 13, 2021.
             Killed from afar by Sigmund (10 damage)
             ... with a puff of flame
             ... on level 2 of the Dungeon.
             The game lasted 00:00:59 (1109 turns).

sahdkjhfkaj the Digger (Demigod Earth Elementalist) Turns: 1109, Time: 00:00:59

Health: -7/20      AC:  2    Str:  9    XL:     2   Next: 18%
Magic:  6/7        EV: 12    Int: 17    God:
Gold:   53         SH:  0    Dex: 14    Spells: 4/5 levels left

rFire    . . .     SeeInvis .   a - +4 dagger (speed)
rCold    . . .     Faith    .   (no shield)
rNeg     . . .     Spirit   .   c - +0 robe
rPois    .         Reflect  .   (no helmet)
rElec    .         Harm     .   (no cloak)
rCorr    .         Rampage  .   (no gloves)
Will     .....                  (no boots)
Stlth    ++........             (no amulet)
HPRegen  0.06/turn              (no ring)
MPRegen  0.10/turn              (no ring)

@: no status effects
A: high mp 1, forlorn
a: no special abilities


You were on level 2 of the Dungeon.
You visited 1 branch of the dungeon, and saw 2 of its levels.

You collected 53 gold pieces.

Inventory:

Hand Weapons
 a - a +4 dagger of speed (weapon)
Missiles
 b - 100 stones
Armour
 c - a +0 robe (worn)
Scrolls
 d - a scroll of amnesia {unknown}
 e - a scroll of enchant weapon {unknown}
 f - a scroll of magic mapping
 g - a scroll of identify {unknown}
 h - a scroll of blinking {unknown}
 i - a scroll of immolation {unknown}


   Skills:
 - Level 1.7 Dodging
 - Level 1.7 Stealth
 - Level 2.0 Spellcasting
 - Level 1.0 Conjurations
 + Level 1.0 Transmutations
 - Level 3.0 Earth Magic


You had 4 spell levels left.
You knew the following spells:

 Your Spells              Type           Power      Damage    Failure   Level
a - Sandblast             Erth           22%        2d7       5%          1

Your spell library contained the following spells:

 Spells                   Type           Power      Damage    Failure   Level
 Passwall                 Tmut/Erth      6%         N/A       13%         2
 Stone Arrow              Conj/Erth      16%        3d8       26%         3
 Petrify                  Tmut/Erth      8%         N/A       63%         4
 Lee's Rapid Deconstruct  Erth           5%         3d7*      83%         5


Dungeon Overview and Level Annotations

Branches:
Dungeon (2/15)

Annotations:
D:2 Sigmund


Innate Abilities, Weirdness & Mutations

Your attributes grow dramatically as you level up.
You have an increased reservoir of magic. (+10% MP)
You shall have no god before yourself.


Message History

You kill the rat!
Key pressed, stopping explore.
No target in view!
b - 75 stones (gained 4)
There is a stone staircase leading up here.
Things that are here:
a +0 club; a kobold corpse
i - a scroll labelled MAOQAI GUTEL
Found 17 sling bullets.
Things that are here:
a +0 club; a goblin corpse
b - 101 stones (gained 26)
You see here 17 sling bullets.
Sigmund the Dreaded comes into view.
He is wielding a +0 scythe and carrying a wand of flame (20).
Sigmund is nearby!
Sigmund is nearby!
You can't see any susceptible monsters within range! (Use Z to cast anyway.)
You can't see any susceptible monsters within range! (Use Z to cast anyway.) Sigmund shouts!
Sigmund says, "Now you see me, now you don't..."
Sigmund casts a spell at you. The magic dart hits you!
You can't see any susceptible monsters within range! (Use Z to cast anyway.)
You can't see any susceptible monsters within range! (Use Z to cast anyway.)
The blast of sand hits Sigmund.
Sigmund points at you and mumbles some strange words.
The magic dart hits you!
* * * LOW HITPOINT WARNING * * *
You are too injured to fight recklessly!
You are too injured to fight recklessly!
You aren't carrying any potions.
Okay, then.
You aren't carrying any potions.
As you read the scroll labelled EHY LOBESUAMUA, it crumbles to dust.
You feel aware of your surroundings.
You sensed 3 altars.
It was a scroll of magic mapping.
Sigmund casts a spell at you. The puff of flame hits you!
Ouch! That really hurt!
You die...

#########
##############.......#
#..@.@................
#..###########.......#
#*,** #(......#
*,,**######*#.......#
**,,*#.....*#.......#
*******,,#.....*#.......#
*,,,,,**.#.....####......
*,,,,,**.................
*,,,,,,,............).#..


You could see Sigmund.

Vanquished Creatures
  3 bats
  4 goblins
  A kobold (D:2)
  2 frilled lizards (D:1)
  3 rats (D:2)
13 creatures vanquished.

Notes
Turn   | Place    | Note
-------+----------+-------------------------------------------
     0 | D:1      | sahdkjhfkaj the Demigod Earth Elementalist began the quest
                  | for the Orb.
     0 | D:1      | Reached XP level 1. HP: 14/14 MP: 5/5
   335 | D:1      | Reached skill level 3 in Earth Magic
  1033 | D:2      | Reached XP level 2. HP: 20/20 MP: 5/7
  1038 | D:2      | Reached skill level 1 in Conjurations
  1039 | D:2      | Reached skill level 1 in Transmutations
  1103 | D:2      | Noticed Sigmund
  1109 | D:2      | Killed from afar by Sigmund

Illustrated notes

Levels and vault maps discovered:
D:1:      lightli_arrival_noodles, layout_basic, serial_aquarium,
          aquarium_bridge_square [aquarium_subvault_window,
          aquarium_subvault_window, aquarium_subvault_wall,
          aquarium_subvault_bridge], aquarium_window_corner, aquarium_window_1,
          aquarium_window_2, aquarium_window_3, aquarium_view_2e,
          aquarium_view_2c, skrybe_limestone_x
D:2:      layout_rooms, lemuel_coloured_pillars_altar,
          grunt_temple_overflow_open, serial_rivers,
          chequers_serial_rivers_room_a, chequers_serial_rivers_micro_c,
          chequers_serial_rivers_micro_d, chequers_serial_rivers_micro_c,
          chequers_serial_rivers_micro_b, uniq_sigmund

Skill      XL: |  1  2 |
---------------+-------+-----
Earth Magic    | 3 |  3.0
Spellcasting   | 2 |  2.0
Conjurations   | 1 |  1.0
Transmutations | 1 |  1.0
Dodging        | |  1.7
Stealth        | |  1.7

Action                   || total
-------------------------++-------
Melee: Dagger            ||     9
 Cast: Sandblast         ||     8
  Use: Scroll            ||     1
 Stab: Sleeping          ||     1
Armor: Robe              ||     2
Dodge: Dodged            ||     7

Table legend: (Time is in decaauts)
 A = Elapsed time spent in this place.
 B = Non-inter-level travel time spent in this place.
 C = Inter-level travel time spent in this place.
 D = Time resting spent in this place.
 E = Time spent auto-exploring this place.
 F = Levels seen in this place.
 G = Mean time per level.
                   A        B        C        D        E       F      G
               +--------+--------+--------+--------+--------+-----+--------+
         Total |   1105 |   1047 |     58 |      0 |    967 |   2 |  552.5 |
       Dungeon |   1105 |   1047 |     58 |      0 |    967 |   2 |  552.5 |
               +--------+--------+--------+--------+--------+-----+--------+

Top non-repeatable levels by time:
     D:1: 1012 daAuts
     D:2: 92 daAuts
